 Dungeon Crawl Stone Soup version 0.22-a0-456-g11ed031 (webtiles) character file.

7232 KristoblXynda the Destroyer (level 10, -10/75 HPs)
             Began as a Green Draconian Conjurer on June 7, 2018.
             Was a Believer of Vehumet.
             Mangled by a gargoyle
             ... wielding a +0 mace
              (24 damage)
             ... on level 10 of the Dungeon.
             The game lasted 00:29:56 (11161 turns).

KristoblXynda the Destroyer (DrCj)                 Turns: 11161, Time: 00:29:57

Health: -10/75     AC: 10    Str: 15    XL:     10   Next: 88%
Magic:  17/22      EV: 12    Int: 19    God:    Vehumet [**....]
Gold:   425        SH:  5    Dex: 15    Spells: 12/26 levels left

rFire    . . .     SeeInvis .   j - +2 war axe (flame)
rCold    . . .     Gourm    .   (no shield)
rNeg     . . .     Faith    .   (armour unavailable)
rPois    +         Spirit   .   (helmet restricted)
rElec    .         Reflect  +   a - +1 cloak
rCorr    +         Harm     .   C - +0 pair of gloves "Zawusauw" {rCorr Str+4 Dex+4} (curse)
MR       .....                  (no boots)
Stlth    ++........             y - +5 amulet of reflection
HPRegen  0.22/turn              (no ring)
MPRegen  0.18/turn              (no ring)

@: slowed, very slow
A: breathe noxious fumes, unfitting armour, poison resistance, cold-blooded, AC
+7
a: Breathe Noxious Fumes, Renounce Religion


You were on level 10 of the Dungeon.
You worshipped Vehumet.
Vehumet was pleased with you.
You were hungry.

You visited 2 branches of the dungeon, and saw 11 of its levels.
You also visited: Ossuary.

You collected 425 gold pieces.

Inventory:

Hand Weapons
 j - a +2 war axe of flaming (weapon)
 A - the +7 long sword "Afiylu" {elec, rF+}
   (You found it on level 7 of the Dungeon)

   Occasionally, upon striking a foe, it will discharge some electrical energy
   and cause terrible harm.
   It protects you from fire.
Armour
 a - a +1 cloak (worn)
 C - the cursed +0 pair of gloves "Zawusauw" (worn) {rCorr Str+4 Dex+4}
   (You found it on level 6 of the Dungeon)

   It affects your strength (+4).
   It affects your dexterity (+4).
   It protects you from acid and corrosion.
   It has a curse placed upon it.
 D - a +0 buckler
Jewellery
 y - a +5 amulet of reflection (around neck)
Wands
 u - a wand of paralysis (11)
Scrolls
 d - a scroll of identify
 h - 2 scrolls of enchant weapon
 k - 3 scrolls of remove curse
 m - 5 scrolls of enchant armour
 o - 3 scrolls of amnesia
 p - 2 scrolls of immolation
 r - a scroll of magic mapping
 x - a scroll of teleportation
Potions
 c - a potion of agility
 e - 2 potions of resistance
 f - 3 potions of curing
 i - a potion of invisibility
 l - 2 potions of brilliance
 n - 2 potions of flight
 q - a potion of haste
 s - a potion of heal wounds
 v - a potion of cancellation
 E - 2 potions of lignification
Comestibles
 b - 14 rations
 w - 5 chunks of flesh


   Skills:
 + Level 2.8 Fighting
 + Level 8.1 Axes
 - Level 1.7 Dodging
 - Level 1.7 Stealth
 + Level 8.9 Spellcasting
 + Level 10.2 Conjurations
   Level 1.2 Hexes
 - Level 5.0 Evocations


You had 12 spell levels left.
You knew the following spells:

 Your Spells              Type           Power        Failure   Level  Hunger
a - Magic Dart            Conj           ####         1%          1    None
b - Freezing Cloud        Conj/Ice/Air   ###.......   97%         6    ######.
c - Mephitic Cloud        Conj/Pois/Air  ###.....     6%          3    None
d - Iskenderun's Mystic   Conj           #####...     1%          4    ###....

Your spell library contained the following spells:

 Spells                   Type           Power        Failure   Level  Hunger
 Conjure Flame            Conj/Fire      ####....     3%          3    None
 Confuse                  Hex            ##......     16%         3    None
 Ring of Flames           Chrm/Fire      #.........   100%        7    #######
 Summon Ice Beast         Ice/Summ       #.......     63%         4    ###....
 Call Imp                 Summ           #.......     13%         2    None
 Tukima's Dance           Hex            ##......     16%         3    None
 Stone Arrow              Conj/Erth      ####..       3%          3    None
 Confusing Touch          Hex            ##....       4%          1    None
 Passwall                 Tmut/Erth      #.......     13%         2    None
 Ensorcelled Hibernation  Hex/Ice        ##....       10%         2    None
 Metabolic Englaciation   Hex/Ice        ##........   87%         5    #####..
 Corona                   Hex            ##.....      4%          1    None
 Sandblast                Erth           #.....       9%          1    None
 Petrify                  Tmut/Erth      #.......     63%         4    ###....
 Malign Gateway           Summ/Tloc      #.........   100%        7    #######
 Fulminant Prism          Conj/Hex       ####......   8%          4    ###....
 Dazzling Spray           Conj/Hex       ####..       2%          3    None
 Force Lance              Conj/Tloc      ####....     10%         4    ###....
 Searing Ray              Conj           #####.       1%          2    None
 Gell's Gravitas          Tloc           #.........   26%         3    None
 Yara's Violent Unravell  Hex/Tmut       ##........   87%         5    #####..
 Poisonous Vapours        Pois/Air       #.....       13%         2    None


Dungeon Overview and Level Annotations

Branches:
Dungeon (10/15)            Temple (1/1) D:7
   Lair: D:8-11         Orc: D:9-12

Altars:
Ashenzari
Cheibriados
Dithmenos
Elyvilon
Fedhas
Gozag
Hepliaklqana
Kikubaaqudgha
Makhleb
Nemelex Xobeh
Okawaru
Qazlal
Ru
Sif Muna
Trog
Uskayaw
Vehumet
Wu Jian
Xom
Yredelemnul
Zin
The Shining One

Annotations:
D:7 2 runed doors
D:10 Sonja


Innate Abilities, Weirdness & Mutations

You can breathe blasts of noxious fumes.
Your lurid green scales are hard. (AC +7)
You cannot fit into any form of body armour.
Your system is resistant to poisons. (rPois)
You are cold-blooded and may be slowed by cold attacks.


Message History

Something hits you but does no damage.
Unknown command.
The helpless gargoyle fails to defend itself.
You hit the gargoyle but do no damage.
You tail-slap the gargoyle, but do no damage.
The gargoyle is heavily damaged.
You barely miss something.
The gargoyle is no longer paralysed.
The gargoyle hurls a stone arrow at you.
The stone arrow hits you!
Sonja is engulfed in noxious fumes.
Sonja appears confused.
Something hits you but does no damage.
The gargoyle hurls a stone arrow at you.
The stone arrow hits you!
* * * LOW HITPOINT WARNING * * *
Okay, then.
As you read the scroll of fear, it crumbles to dust.
You assume a fearsome visage.
Sonja looks frightened!
The gargoyle is unaffected.
A sky beast appears from thin air!
Reactivating autopickup.
The gargoyle hits you with a mace!!
You die...

.##########.........#
## #.........#
#.........#
#.........#
########'## ###.#
#...# ######+####
#.....@...#
#....§9...#
#...Y.....#
#........§#
#........K#
#........§#
#.........#
+.........#


You could see Sonja (confused), a gargoyle and a sky beast (fleeing).

Vanquished Creatures
  2 two-headed ogres (D:8)
  Joseph (D:8)
  A polar bear (D:9)
  A hippogriff (D:9)
  Grinder (D:4)
  6 yaks (D:9)
  A water moccasin (D:8)
  Duvessa (D:4)
  2 ice beasts (D:9)
  2 sky beasts
  8 ogres
  A necrophage (D:6)
  3 phantoms
  A wolf (D:9)
  2 centaurs
  2 elf zombies (Ossuary)
  5 bullfrogs
  A water moccasin zombie (D:6)
  Dowan (D:4)
  2 scorpions
  A wyvern skeleton (D:6)
  5 howler monkeys
  2 crimson imps
  2 centaur zombies
  4 hounds
  A human zombie (Ossuary)
  5 orc priests
  6 jellies
  A gnoll shaman (D:7)
  Crazy Yiuf (D:4)
  3 centaur skeletons
  5 orc wizards
  2 bullfrog skeletons
  2 iguanas
  Ijyb (D:5)
  Natasha (twice) (D:2)
  4 worker ants
  A big kobold zombie (Ossuary)
  A hound zombie (D:5)
  2 mummies (Ossuary)
  Robin (D:2)
  5 gnolls (D:7)
  3 adders
  A shadow imp (D:9)
  3 white imps (D:9)
  A howler monkey simulacrum (D:9)
  A worker ant simulacrum (D:9)
  5 oozes (D:9)
  An adder zombie (Ossuary)
  An adder skeleton (D:7)
  2 worms
  4 dart slugs
  A leopard gecko (D:1)
  23 orcs
  7 bats
  6 giant cockroaches
  9 goblins
  9 hobgoblins
  11 jackals
  4 quokkas
  6 frilled lizards
  8 hobgoblin zombies (Ossuary)
  2 jackal zombies (Ossuary)
  4 kobolds
  8 kobold zombies (Ossuary)
  3 leopard gecko skeletons
  10 orc zombies (Ossuary)
  A quokka zombie (D:6)
  6 rats
  3 rat zombies (Ossuary)
244 creatures vanquished.

Vanquished Creatures (others)
  A plant (D:2)
1 creature vanquished.

Grand Total: 245 creatures vanquished

Notes
Turn   | Place    | Note
-------+----------+-------------------------------------------
     0 | D:1      | KristoblXynda the Draconian Conjurer began the quest for the Orb.
     0 | D:1      | Reached XP level 1. HP: 14/14 MP: 3/3
    84 | D:1      | Reached XP level 2. HP: 13/20 MP: 1/5
   451 | D:1      | Reached XP level 3. HP: 22/26 MP: 1/7
   648 | D:2      | Noticed Robin
   688 | D:1      | Learned a level 3 spell: Dazzling Spray
   786 | D:2      | Killed Robin
  1360 | D:2      | Learned a level 3 spell: Mephitic Cloud
  1377 | D:2      | Reached XP level 4. HP: 33/33 MP: 6/8
  1452 | D:2      | Noticed Natasha
  1460 | D:2      | Killed Natasha
  1565 | D:2      | Noticed Natasha
  1571 | D:2      | Killed Natasha
  1571 | D:2      | Reached skill level 5 in Conjurations
  1571 | D:2      | Reached skill level 1 in Hexes
  2182 | D:3      | Reached XP level 5. HP: 38/38 MP: 4/10
  2251 | D:3      | Learned a level 4 spell: Iskenderun's Mystic Blast
  2617 | D:4      | Found a runed door.
  2675 | D:4      | Noticed Crazy Yiuf
  2687 | D:4      | Killed Crazy Yiuf
  3090 | D:4      | Noticed Grinder
  3093 | D:4      | Paralysed by Grinder for 3 turns
  3099 | D:4      | Paralysed by Grinder for 2 turns
  3107 | D:4      | Killed Grinder
  3107 | D:4      | Reached skill level 6 in Conjurations
  3107 | D:4      | Reached XP level 6. HP: 16/45 MP: 0/12
  3420 | D:4      | Reached skill level 1 in Axes
  3427 | D:4      | Your scales start taking on a lurid green colour.
  3427 | D:4      | Reached XP level 7. HP: 34/50 MP: 5/14
  3427 | D:4      | Gained mutation: Your system is resistant to poisons. (rPois) [Green Draconian growth]
  3565 | D:4      | Reached skill level 5 in Spellcasting
  3712 | D:4      | Noticed Dowan
  3715 | D:4      | Noticed Duvessa
  4060 | D:4      | Killed Dowan
  4160 | D:4      | Killed Duvessa
  4308 | D:5      | Entered Level 5 of the Dungeon
  4329 | D:5      | Found a sand-covered staircase.
  4334 | Ossuary  | Entered an ossuary
  4592 | Ossuary  | Reached skill level 7 in Conjurations
  4622 | Ossuary  | Reached XP level 8. HP: 11/57 MP: 1/16
  5318 | D:5      | Noticed Ijyb
  5318 | D:5      | Paralysed by Ijyb for 2 turns
  5324 | D:5      | Paralysed by Ijyb for 5 turns
  5335 | D:5      | Killed Ijyb
  6030 | D:6      | Reached skill level 8 in Conjurations
  6068 | D:6      | Reached skill level 5 in Axes
  6428 | D:6      | Reached XP level 9. HP: 48/61 MP: 8/19
  6600 | D:6      | Got a pair of ancient gloves
  6621 | D:6      | Identified the cursed +0 pair of gloves "Zawusauw" {rCorr Str+4 Dex+4} (You found it on level 6 of the Dungeon)
  7269 | D:7      | Reached skill level 1 in Evocations
  8110 | D:7      | Found a large runed door.
  8110 | D:7      | Found a large runed door.
  8125 | D:7      | Found a staircase to the Ecumenical Temple.
  8232 | D:7      | Found a large runed door.
  8232 | D:7      | Found a large runed door.
  8277 | Temple   | Entered the Ecumenical Temple
  8376 | Temple   | Became a worshipper of Vehumet
  8533 | D:7      | Reached skill level 9 in Conjurations
  9058 | D:7      | Got a brightly glowing long sword
  9059 | D:7      | Identified the +7 long sword "Afiylu" {elec, rF+} (You found it on level 7 of the Dungeon)
  9086 | D:8      | Noticed Joseph
  9114 | D:8      | Killed Joseph
  9165 | D:8      | Learned a level 6 spell: Freezing Cloud
  9256 | D:8      | Noticed a two-headed ogre
  9274 | D:8      | Killed a two-headed ogre
  9274 | D:8      | Reached XP level 10. HP: 69/69 MP: 4/22
  9771 | D:8      | Noticed a two-headed ogre
  9782 | D:8      | Killed a two-headed ogre
  9974 | D:8      | Found a stormy altar of Qazlal.
 10102 | D:9      | Identified the Handbook of the Dusty Entourage
 10393 | D:9      | Reached * piety under Vehumet
 10393 | D:9      | Offered knowledge of Shock by Vehumet.
 10413 | D:9      | Reached skill level 5 in Evocations
 10590 | D:9      | Reached skill level 1 in Fighting
 10590 | D:9      | Reached skill level 10 in Conjurations
 10995 | D:10     | Entered Level 10 of the Dungeon
 11004 | D:10     | Reached ** piety under Vehumet
 11004 | D:10     | Offered knowledge of Throw Frost by Vehumet.
 11135 | D:10     | Noticed Sonja
 11138 | D:10     | Noticed a gargoyle
 11161 | D:10     | Mangled by a gargoyle

Vault maps used:
D:1:      dpeg_arrival_pond
D:2:      cheibrodos_old_hovel, uniq_natasha, uniq_robin
D:3:      nrook_uturn
D:4:      uniq_crazy_yiuf_cottage, uniq_duvessa, uniq_grinder
D:5:      first_ration, enter_ossuary_5, uniq_ijyb
D:7:      minmay_temple_entry_hall, minmay_hollow_rounded_squares
D:8:      kennysheep_mini_moat, uniq_joseph
D:9:      serial_ice, serial_ice_g, serial_ice_i, serial_ice_o, serial_ice_b,
          hangedman_little_slice_of_home
D:10:     kennysheep_orc_monster_closet_entryway, uniq_gastronok, uniq_sonja,
          uniq_josephine
Temple:   kilobyte_greek_temple
Ossuary:  ossuary_tomb_1

Skill      XL: |  1  2  3  4  5  6  7  8  9 10 |
---------------+-------------------------------+-----
Spellcasting   | 3 4 5 6 8 |  8.9
Conjurations   | 5 6 7 8 9 10 | 10.2
Hexes          | 1 |  1.2
Axes           | 1 3 5 7 8 |  8.1
Evocations     | 4 5 |  5.0
Fighting       | 2 |  2.8
Dodging        | |  1.7
Stealth        | |  1.7

Action                   |  1- 3 |  4- 6 |  7- 9 | 10-12 || total
-------------------------+-------+-------+-------+-------++-------
Melee: Unarmed           |    40 |       |       |       ||    40
       Tailslap          |     6 |     7 |    28 |    14 ||    55
       Whip              |    22 |     8 |       |       ||    30
       War axe           |       |    25 |   233 |    79 ||   337
 Cast: Magic Dart        |    66 |    93 |   301 |    67 ||   527
       Mephitic Cloud    |       |     2 |     4 |     4 ||    10
       Iskenderun's Myst |       |     2 |    11 |    20 ||    33
 Abil: Breathe Noxious F |       |       |    12 |     4 ||    16
Evoke: Wand              |       |       |       |     2 ||     2
  Use: Scroll            |       |     4 |    17 |     2 ||    23
       Potion            |       |     3 |     2 |       ||     5
 Stab: Confused          |       |     1 |     4 |     3 ||     8
       Sleeping          |       |     1 |       |     1 ||     2
       Paralysed         |       |       |       |    11 ||    11
  Eat: Chunk             |     2 |     7 |    12 |     1 ||    22
       Ration            |       |       |     3 |     2 ||     5
Armor: Skin              |    51 |     4 |   109 |    44 ||   208
Dodge: Dodged            |    73 |    28 |   163 |    43 ||   307
Block: Other             |       |       |       |    25 ||    25
       Reflection        |       |       |       |     1 ||     1

Table legend:
 A = Spawn XP
 B = Non-spawn XP
 C = Spawn XP percentage of total XP
 D = Spawn monster count
 E = Non-spawn monster count
 F = Spawn count percentage of total count
 G = Total turns spent on level
                    A         B        C        D         E        F      G
               +---------+---------+-------+---------+---------+-------+---------
         Total |       0 |   10332 |   0.0 |       0 |     244 |   0.0 | 11161
               +---------+---------+-------+---------+---------+-------+---------
           D:1 |       0 |      47 |   0.0 |       0 |      25 |   0.0 |   690
           D:2 |       0 |     125 |   0.0 |       0 |      23 |   0.0 |  1044
           D:3 |       0 |      37 |   0.0 |       0 |      14 |   0.0 |   953
           D:4 |       0 |     914 |   0.0 |       0 |      27 |   0.0 |  1621
           D:5 |       0 |     614 |   0.0 |       0 |      16 |   0.0 |  1019
           D:6 |       0 |    1067 |   0.0 |       0 |      20 |   0.0 |  1261
           D:7 |       0 |    1487 |   0.0 |       0 |      37 |   0.0 |  1744
           D:8 |       0 |    2747 |   0.0 |       0 |      10 |   0.0 |   926
           D:9 |       0 |    2819 |   0.0 |       0 |      32 |   0.0 |   997
          D:10 |       0 |      97 |   0.0 |       0 |       1 |   0.0 |   166
       Ossuary |       0 |     378 |   0.0 |       0 |      39 |   0.0 |   600
               +---------+---------+-------+---------+---------+-------+---------
